 Dungeon Crawl Stone Soup version 0.28.0-43-g3370ac3207 (webtiles) character file.

Game seed: 12984718910077452328

3329 jimonade the Frost Mage (level 10, -2/54 (80) HPs)
             Began as a Gnoll Wanderer on Mar 15, 2022.
             Slain by an orc warrior
             ... wielding a +1 mace of draining
              (4 damage)
             ... on level 7 of the Dungeon.
             The game lasted 00:40:30 (9440 turns).

jimonade the Frost Mage (Gnoll Wanderer)            Turns: 9440, Time: 00:40:30

HP:   -2/54 (80)    AC: 21    Str: 15    XL:     10   Next: 2%
MP:   18/18         EV:  5    Int: 14    God:
Gold: 363           SH:  0    Dex: 10    Spells: 16/20 levels left

rFire   . . .      SeeInvis +   k - +2 dagger (protect)
rCold   . . .      Faith    .   (no shield)
rNeg    . . .      Spirit   .   y - +0 plate armour
rPois   .          Reflect  .   s - +2 hat
rElec   .          Harm     .   (no cloak)
rCorr   .          Rampage  .   (no gloves)
Will    +....                   (no boots)
Stlth   ..........              H - amulet of magic regeneration
HPRegen 0.18/turn               J - ring of willpower
MPRegen 0.56/turn               e - ring of see invisible

@: about to teleport, under a protective aura, very heavily drained
A: fangs 1, strong nose, distributed training
a: no special abilities


You were on level 7 of the Dungeon.
You visited 2 branches of the dungeon, and saw 8 of its levels.

You collected 363 gold pieces.

Inventory:

Hand Weapons
 a - a +0 club
 b - a +3 dagger
 i - a +0 short sword
 k - a +2 dagger of protection (weapon)
 t - a +0 hunting sling
 N - a +0 flail of protection
Missiles
 d - 259 stones (quivered)
 m - 50 sling bullets
 q - 105 arrows
 F - 75 bolts
 O - 2 curare-tipped darts
 P - 11 poisoned darts
Armour
 o - a +1 leather armour of fire resistance
 s - a +2 hat (worn)
 y - a +0 plate armour (worn)
 z - a +0 chain mail
 Q - a +3 leather armour
 R - a +2 scale mail of fire resistance
Jewellery
 e - a ring of see invisible (right hand)
 p - a +6 ring of intelligence
 E - a ring of fire
 H - an amulet of magic regeneration (around neck)
 J - a ring of willpower (left hand)
 K - a ring of flight
Wands
 u - a wand of iceblast (3)
 B - a wand of paralysis (12)
Scrolls
 f - a scroll of fog {unknown}
 g - 3 scrolls of identify
 l - a scroll of fear {unknown}
 r - a scroll of amnesia
 v - a scroll of enchant weapon {unknown}
 w - a scroll of teleportation
 A - a scroll of enchant armour {unknown}
 D - a scroll of blinking {unknown}
 M - a scroll of silence {unknown}
Potions
 c - 4 potions of curing
 h - a potion of invisibility {unknown}
 j - 2 potions of magic
 x - 2 potions of brilliance
 C - a potion of resistance
 G - a potion of haste {unknown}
 I - a potion of lignification {unknown}
 L - a potion of might {unknown}


   Skills:
 + Level 8.2 Fighting
 + Level 4.8 Short Blades
 + Level 4.8 Long Blades
 + Level 4.8 Axes
 + Level 4.8 Maces & Flails
 + Level 4.8 Polearms
 + Level 4.8 Staves
 + Level 4.8 Slings
 + Level 4.8 Bows
 + Level 4.8 Crossbows
 + Level 4.8 Throwing
 + Level 5.5 Armour
 + Level 4.8 Dodging
 + Level 4.8 Stealth
 + Level 4.8 Shields
 + Level 4.8 Unarmed Combat
 + Level 5.6 Spellcasting
 + Level 4.0 Conjurations
 + Level 4.0 Hexes
 + Level 4.0 Summonings
 + Level 4.0 Necromancy
 + Level 4.0 Translocations
 + Level 4.0 Transmutations
 + Level 4.0 Fire Magic
 + Level 9.7 Ice Magic
 + Level 4.0 Air Magic
 + Level 4.0 Earth Magic
 + Level 4.0 Poison Magic
 + Level 5.3 Invocations
 + Level 4.8 Evocations


You had 16 spell levels left.
You knew the following spells:

 Your Spells              Type           Power      Damage    Failure   Level
a - Freeze                Ice            100%       1d11      19%         1
b - Frozen Ramparts       Ice            62%        1d8       50%         3

Your spell library contained the following spells:

 Spells                   Type           Power      Damage    Failure   Level
 Summon Small Mammal      Summ           60%        N/A       88%         1
 Call Canine Familiar     Summ           15%        N/A       99%         3
 Summon Guardian Golem    Hex/Summ       15%        N/A       99%         3
 Hailstorm                Conj/Ice       23%        3d7       99%         4
 Ice Form                 Ice/Tmut       23%        N/A       99%         4
 Summon Ice Beast         Ice/Summ       23%        N/A       99%         4
 Dispersal                Tloc           7%         N/A       100%        6
 Disjunction              Tloc           7%         N/A       100%        8


Dungeon Overview and Level Annotations

Branches:
Dungeon (7/15)             Temple (1/1) D:6

Altars:
Cheibriados
Dithmenos
Elyvilon
Fedhas
Gozag
Hepliaklqana
Kikubaaqudgha
Makhleb
Nemelex Xobeh
Qazlal
Ru
Sif Muna
Trog
Vehumet
Wu Jian
Xom
Yredelemnul
Zin
The Shining One
Beogh

Annotations:
D:3 2 runed translucent doors, Selrock's ghost, amateur DsMo
D:4 exclusion: statue
D:6 3 runed translucent doors, smarlow's ghost, novice DjFE


Innate Abilities, Weirdness & Mutations

You have very sharp teeth.
Your uncanny sense of smell can sniff out nearby items.
Your experience applies equally to all skills.


Message History

You closely miss the orc warrior.
The orc warrior is lightly wounded.
The orc warrior hits you with a +1 mace of draining.
You feel drained. The orc hits you but does no damage.
You hit the orc warrior.
The orc warrior is moderately wounded.
The orc warrior hits you but does no damage.
You feel drained.
You hit the orc warrior but do no damage.
The orc warrior is moderately wounded.
The orc hits you but does no damage.
The orc warrior hits you but does no damage.
You feel drained.
You hit the orc warrior but do no damage.
The orc warrior is moderately wounded.
The orc hits you but does no damage.
You hit the orc warrior but do no damage.
The orc warrior is moderately wounded.
The orc warrior barely misses you. The orc hits you with a +0 flail.
You hit the orc warrior but do no damage.
The orc warrior is moderately wounded.
The orc warrior hits you but does no damage.
You feel drained. The orc hits you with a +0 flail.
You hit the orc warrior but do no damage.
The orc warrior is moderately wounded.
The orc warrior hits you with a +1 mace of draining.
You feel drained.
You barely miss the orc warrior.
The orc warrior is moderately wounded.
The orc hits you but does no damage.
The orc warrior hits you with a +1 mace of draining!
* * * LOW HITPOINT WARNING * * *
You feel drained.
* * * LOW HITPOINT WARNING * * *
Unknown command.
Okay, then.
As you read the scroll of teleportation, it crumbles to dust.
You feel strangely unstable. The orc completely misses you.
The orc warrior hits you with a +1 mace of draining.
You die...

#### ###
###o@# #..
##.)o#####
###
##..#####.#
# ##..##
##..# ##..##
#..## ###
#..## ##.##
##.## #.)#
#.## ##...#
#########..#
#.## ##.##.#
#.....##..##
##.##
##.####.


You could see an orc warrior and an orc.

Vanquished Creatures
  Joseph (D:7)
  6 yaks (D:6)
  An orc warrior (D:7)
  An ice beast (D:6)
  4 sky beasts
  A centaur (D:7)
  An ogre (D:5)
  A black bear (D:5)
  2 necrophages
  2 kobold brigands
  A bullfrog (D:6)
  2 scorpions (D:4)
  A water moccasin skeleton (D:7)
  2 hounds
  2 jellies
  2 bullfrog zombies
  3 bullfrog skeletons
  2 centaur skeletons
  6 iguanas
  3 orc wizards
  A hound zombie (D:5)
  8 adders
  A shadow imp (D:6)
  3 white imps (D:6)
  An adder skeleton (D:4)
  2 worms (D:3)
  4 dart slugs
  19 orcs
  An endoplasm (D:3)
  6 giant cockroaches
  6 goblins
  4 hobgoblins
  4 jackals (D:2)
  19 kobolds
  3 quokkas
  7 ball pythons
  5 bats
  3 frilled lizards
  3 rats
144 creatures vanquished.

Notes
Turn   | Place    | Note
-------+----------+-------------------------------------------
     0 | D:1      | jimonade the Gnoll Wanderer began the quest for the Orb.
     0 | D:1      | jimonade set off with the following items: a +0 club, a +0
                  | scale mail, a potion of curing; and the following spell
                  | memorised: Freeze; and the following spells available to
                  | memorise: Frozen Ramparts, Hailstorm
     0 | D:1      | Reached XP level 1. HP: 23/23 MP: 4/4
   161 | D:1      | Reached XP level 2. HP: 29/29 MP: 1/5
   457 | D:1      | Found a faded altar of an unknown god.
   848 | D:2      | Reached XP level 3. HP: 29/35 MP: 7/7
  1217 | D:2      | Reached skill level 1 in Invocations
  1424 | D:2      | Reached skill level 1 in Short Blades
  1424 | D:2      | Reached skill level 1 in Long Blades
  1424 | D:2      | Reached skill level 1 in Axes
  1424 | D:2      | Reached skill level 1 in Maces & Flails
  1424 | D:2      | Reached skill level 1 in Polearms
  1424 | D:2      | Reached skill level 1 in Staves
  1424 | D:2      | Reached skill level 1 in Slings
  1424 | D:2      | Reached skill level 1 in Bows
  1424 | D:2      | Reached skill level 1 in Crossbows
  1424 | D:2      | Reached skill level 1 in Throwing
  1424 | D:2      | Reached skill level 1 in Dodging
  1424 | D:2      | Reached skill level 1 in Stealth
  1424 | D:2      | Reached skill level 1 in Shields
  1424 | D:2      | Reached skill level 1 in Unarmed Combat
  1424 | D:2      | Reached skill level 1 in Evocations
  1738 | D:3      | Noticed a necrophage
  1782 | D:2      | Killed a necrophage
  1783 | D:2      | Reached skill level 1 in Conjurations
  1783 | D:2      | Reached skill level 1 in Hexes
  1783 | D:2      | Reached skill level 1 in Summonings
  1783 | D:2      | Reached skill level 1 in Necromancy
  1783 | D:2      | Reached skill level 1 in Translocations
  1783 | D:2      | Reached skill level 1 in Transmutations
  1783 | D:2      | Reached skill level 1 in Fire Magic
  1783 | D:2      | Reached skill level 1 in Air Magic
  1783 | D:2      | Reached skill level 1 in Earth Magic
  1783 | D:2      | Reached skill level 1 in Poison Magic
  1783 | D:2      | Reached XP level 4. HP: 40/41 MP: 8/8
  1783 | D:2      | Reached XP level 5. HP: 46/47 MP: 9/9
  1935 | D:3      | Found a large runed translucent door.
  1935 | D:3      | Found a large runed translucent door.
  1939 | D:3      | Noticed Selrock's ghost (amateur DsMo)
  2240 | D:3      | Found a glowing golden altar of the Shining One.
  2434 | D:3      | Found a faded altar of an unknown god.
  2456 | D:3      | Found a shimmering blue altar of Sif Muna.
  2843 | D:3      | Reached XP level 6. HP: 49/53 MP: 6/10
  3219 | D:4      | Found a radiant altar of Vehumet.
  3789 | D:4      | Reached skill level 9 in Ice Magic
  3789 | D:4      | Reached XP level 7. HP: 44/59 MP: 9/12
  4191 | D:5      | Entered Level 5 of the Dungeon
  4706 | D:5      | Learned a level 3 spell: Frozen Ramparts
  4718 | D:5      | Reached XP level 8. HP: 51/67 MP: 11/14
  5393 | D:6      | Found a staircase to the Ecumenical Temple.
  6161 | D:6      | Reached XP level 9. HP: 65/72 MP: 14/16
  6321 | D:6      | Reached skill level 5 in Spellcasting
  6333 | D:6      | Reached skill level 5 in Armour
  6790 | D:6      | Found a runed translucent gate.
  6813 | D:6      | Found a runed translucent gate.
  6813 | D:6      | Found a runed translucent gate.
  6816 | D:6      | Noticed smarlow's ghost (novice DjFE)
  7302 | D:6      | Identified the +9 chain mail "Oticyna" {Will+ MP+9 Int-4}
  7425 | Temple   | Entered the Ecumenical Temple
  7764 | D:7      | Noticed Joseph
  8037 | D:7      | Killed Joseph
  8038 | D:7      | Reached skill level 5 in Invocations
  8393 | D:7      | Reached XP level 10. HP: 63/80 MP: 18/18
  9428 | D:7      | HP: 2/65 [orc warrior/+1 mace of draining (2)]
  9439 | D:7      | HP: 1/54 [orc warrior/+1 mace of draining (5)]
  9440 | D:7      | Slain by an orc warrior

Illustrated notes

Levels and vault maps discovered:
D:1:      dpeg_arrival_pond, layout_loops_cross,
          hellmonk_ecumenical_altar_pennies_from_heaven
D:2:      layout_basic
D:3:      layout_loops_ring, lemuel_coloured_pillars_altar,
          nicolae_overflow_ecumenical_swirl, ebering_ghost_disaster_area,
          minmay_misc_feat_tower, lemuel_flame_loot_1
D:4:      layout_cave_pods, vehumet_statue, minmay_ruptured
D:5:      layout_basic, st_stairs_4
D:6:      layout_basic, minmay_temple_entry_grid, biasface_ghost_orc_armoury
D:7:      layout_layer_cave, uniq_joseph
Temple:   eino_temple_scatter_basement

Skill      XL: |  1  2  3  4  5  6  7  8  9 10 |
---------------+-------------------------------+-----
Invocations    | 1 2 3 4 5 |  5.3
Short Blades   | 1 2 3 4 |  4.8
Long Blades    | 1 2 3 4 |  4.8
Axes           | 1 2 3 4 |  4.8
Maces & Flails | 1 2 3 4 |  4.8
Polearms       | 1 2 3 4 |  4.8
Staves         | 1 2 3 4 |  4.8
Slings         | 1 2 3 4 |  4.8
Bows           | 1 2 3 4 |  4.8
Crossbows      | 1 2 3 4 |  4.8
Throwing       | 1 2 3 4 |  4.8
Dodging        | 1 2 3 4 |  4.8
Stealth        | 1 2 3 4 |  4.8
Shields        | 1 2 3 4 |  4.8
Unarmed Combat | 1 2 3 4 |  4.8
Evocations     | 1 2 3 4 |  4.8
Spellcasting   | 3 4 5 |  5.6
Conjurations   | 1 2 3 4 |  4.0
Hexes          | 1 2 3 4 |  4.0
Summonings     | 1 2 3 4 |  4.0
Necromancy     | 1 2 3 4 |  4.0
Translocations | 1 2 3 4 |  4.0
Transmutations | 1 2 3 4 |  4.0
Fire Magic     | 1 2 3 4 |  4.0
Air Magic      | 1 2 3 4 |  4.0
Earth Magic    | 1 2 3 4 |  4.0
Poison Magic   | 1 2 3 4 |  4.0
Armour         | 3 4 5 |  5.5
Ice Magic      | 9 |  9.7
Fighting       | 7 8 |  8.2

Action                   |  1- 3 |  4- 6 |  7- 9 | 10-12 || total
-------------------------+-------+-------+-------+-------++-------
Melee: Club              |    14 |       |       |       ||    14
       Short sword       |    10 |       |       |       ||    10
       Dagger            |    41 |    14 |   297 |    35 ||   387
       Bite              |     6 |     2 |    48 |     3 ||    59
       Punch             |       |       |    11 |     3 ||    14
 Cast: Freeze            |    38 |    70 |    22 |       ||   130
       Frozen Ramparts   |       |       |    26 |       ||    26
  Use: Scroll            |       |       |     8 |     1 ||     9
       Potion            |       |       |     1 |     1 ||     2
Armor: Scale mail        |    52 |    21 |   152 |       ||   225
       Plate armour      |       |       |       |    22 ||    22
Dodge: Dodged            |    43 |    17 |   123 |     9 ||   192
